Cogmind - Beta 16 @@@ ROGUE MODE // 2025.12.14 @ 18:03:20 Player: lvl5hm Result: Destroyed by KB-5M5(R) with Subdweller Shrapnel Launcher Performance ------------- Evolutions (0) 0 Regions Visited (2) 400 Robots Destroyed (28) 140 Value Destroyed (642) 642 Prototype IDs (0) 0 Alien Tech Used (0) 0 Bonus (0) 0 TOTAL SCORE: 1182 Bonus ------- None Cogmind --------- Core Integrity 0/250 Matter 300/300 Energy 100/100 System Corruption 0% Temperature Cool (0) Movement Core (1350) Ox26 Location -10/Subcaves Parts ------- > --- POWER (1) -------- (None) > --- PROPULSION (2) --- (None) > --- UTILITY (2) ------ Huge Storage Unit > --- WEAPON (2) ------- (None) > --- INVENTORY (25) --- Large Storage Unit High-capacity Storage Unit Makeshift Kinetic Plating Scrap Shield Makeshift Hacking Suite EM Pulse Gun EM Pulse Gun Particle Gun Beam Cannon Light Assault Rifle Light Assault Rifle Subdweller Machine Gun Battle Cannon Grenade Launcher Subdweller Shrapnel Launcher Subdweller Shrapnel Launcher Peak State ------------ > --- POWER ------------ Ion Engine > --- PROPULSION ------- Light Treads Light Treads > --- UTILITY ---------- Huge Storage Unit Seismic Detector > --- WEAPON ----------- Subdweller Machine Gun Subdweller Machine Gun > --- INVENTORY -------- Large Storage Unit High-capacity Storage Unit Seismic Detector Light Armor Plating EM Pulse Gun EM Pulse Gun Particle Gun Subdweller Laser Beam Cannon Assault Rifle Light Assault Rifle Light Assault Rifle Subdweller Machine Gun Subdweller Machine Gun Grenade Launcher Subdweller Shrapnel Launcher [Rating: 11] Favorites ----------- Power Ion Engine Engine Ion Engine Propulsion Light Treads Treads Light Treads Utility Seismic Detector Device Seismic Detector Storage Huge Storage Unit Protection Light Armor Plating Weapon Subdweller Machine Gun Energy Gun Subdweller Laser Ballistic Gun Subdweller Machine Gun Launcher Grenade Launcher Build | -11 -10 -10 ------- Run | Yrd Mat Sub Slots Evolved . | . . . Power . | . . . Propulsion . | . . . Utility . | . . . Weapon . | . . . Parts Attached 24 | 9 6 9 Power 3 | 2 1 . Engine 3 | 2 1 . Core . | . . . Reactor . | . . . Propulsion 2 | 2 . . Treads 2 | 2 . . Leg . | . . . Wheel . | . . . Hover . | . . . Flight . | . . . Utility 8 | 2 3 3 Device 3 | 1 1 1 Storage 4 | 1 2 1 Processor . | . . . Hackware . | . . . Protection 1 | . . 1 Artifact . | . . . Weapon 11 | 3 2 6 Energy Gun 3 | 2 . 1 Energy Cannon . | . . . Ballistic Gun 7 | 1 2 4 Ballistic Cannon . | . . . Launcher 1 | . . 1 Special Weapon . | . . . Impact Weapon . | . . . Slashing Weapon . | . . . Piercing Weapon . | . . . Special Melee Weapon . | . . . Unidentified Prototypes . | . . . Parts Lost 11 | . . 11 Power 1 | . . 1 Propulsion 2 | . . 2 Utility 3 | . . 3 Weapon 5 | . . 5 Highest Loss Streak 6 | . . 6 To Critical Strikes . | . . . Average Backups 12 | 1 7 14 Power . | . . . Propulsion . | . . . Utility 3 | . 2 3 Weapon 8 | . 4 10 Tool/Special . | . . . Unused Backups 8 | . . 8 Power . | . . . Propulsion . | . . . Utility 3 | . . 3 Weapon 5 | . . 5 Tool/Special . | . . . Average Slot Usage (%) 76 | . 100 69 Engine 7 | . 14 4 Treads 14 | . 28 10 Device 9 | . 14 8 Storage 14 | . 14 14 Protection 1 | . . 2 Energy Gun 10 | . 12 10 Ballistic Gun 17 | . 15 17 Peak Build Rating 11 | 7 8 11 Average Rating 7 | 5 7 7 On Entrance 5 | . 7 8 Avg Prop Armor Cover (%) . | . . . Naked Turns . | . . . Heaviest Build 96 | 15 30 96 Greatest Support 40 | 40 40 40 Greatest Overweight (x) 29 | 4 . 29 Average Overweight (x) 3 | . . 8 Largest Inventory Capacity 25 | 8 15 25 Average Capacity 21 | 7 13 24 Most Carried 17 | 2 10 17 Average Carried 12 | 1 7 14 Final Capacity 25 | 8 15 25 Final Carried 17 | 2 10 17 Class Distribution -------------------- 100% | Mutant Dominant Class ---------------- Mutant | -10/Materials Mutant | -10/Subcaves Resources | -11 -10 -10 ----------- Run | Yrd Mat Sub Matter Collected 866 | 335 130 401 Remotely . | . . . Salvage Created 938 | 90 496 352 Parts 41 | 6 22 13 Haulers Intercepted 2 | . 2 . Recyclers Shooed . | . . . Parts Field Recycled . | . . . Retrieved Matter . | . . . Parts Self-Destructed 12 | . . 12 Prevented . | . . . Parts Restored . | . . . Kills | -11 -10 -10 ------- Run | Yrd Mat Sub Combat Hostiles Destroyed 20 | . 10 10 Guns 19 | . 9 10 Classes Destroyed 10 | 2 6 2 Worker 1 | . 1 . Tunneler 2 | 2 . . Hauler 2 | . 2 . Recycler 1 | 1 . . Operator 1 | . 1 . Watcher 1 | . 1 . Swarmer 7 | . 6 1 Grunt 6 | . 4 2 Sentry 1 | . . 1 Subdweller 6 | . . 6 Best Kill Streak 4 | 3 4 2 Combat Bots Only 4 | . 4 2 Max Kills in Single Turn 1 | 1 1 1 Gunslinging . | . . . Exploded . | . . . Melee . | . . . Uniques/NPCs Destroyed . | . . . Combat | -11 -10 -10 -------- Run | Yrd Mat Sub Hostile Shots Fired 111 | . 39 72 Missed 34 | . 13 21 Hits 77 | . 26 51 Projectile 77 | . 26 51 AOE 3 | . . 3 Critical Strikes 1 | . . 1 Damage Taken 1406 | . 264 1142 Core 257 | . 29 228 Absorbed by Shields . | . . . Core Remaining (%) 100 | 100 . . Volleys Fired 125 | 25 45 55 Largest 2 | 1 2 2 Hottest 90 | 20 80 90 Shots Fired 222 | 25 90 107 Gun 220 | 25 90 105 Cannon . | . . . Launcher 2 | . . 2 Special . | . . . Kinetic 142 | 25 30 87 Thermal 10 | . . 10 Explosive 2 | . . 2 Electromagnetic 68 | . 60 8 Robot Hit Streak 21 | 4 8 21 Robot Miss Streak 4 | 2 4 2 Penetration Max . | . . . Secondary Targets 2 | . 1 1 Max Gunslinging Chain 1 | . 1 1 Shots Hit Robots 140 | 18 57 65 Core Hits 44 | 6 22 16 Critical Kills 1 | . . 1 Critical Parts Destroyed 2 | . 1 1 Critical Strikes 4 | . 1 3 Destroy 4 | . 1 3 Melee Attacks . | . . . Impact . | . . . Slashing . | . . . Piercing . | . . . Sneak Attacks . | . . . Combat Hostiles . | . . . Follow-up Attacks . | . . . Damage Inflicted 2197 | 133 793 1271 Guns 2169 | 133 765 1271 Cannons . | . . . Explosions 28 | . 28 . Melee . | . . . Ramming . | . . . Kinetic 1376 | 133 224 1019 Thermal 188 | . 28 160 Explosive . | . . . Electromagnetic 633 | . 541 92 Impact . | . . . Slashing . | . . . Piercing . | . . . Highest Corruption . | . . . Average Corruption . | . . . Corruption Purged . | . . . Corruption Blocked . | . . . Overload Shots . | . . . Overflow Damage . | . . . Projectiles . | . . . Explosions . | . . . Melee . | . . . Knockbacks . | . . . Impact . | . . . Kinetic . | . . . Secondary . | . . . Self-Inflicted Damage . | . . . Shots . | . . . Rammed . | . . . Targets Rammed . | . . . Kicked . | . . . Crushed . | . . . Highest Temperature 207 | . 207 . Average Temperature 62 | . 62 . Received Heat Transfer 210 | . 105 105 Siege Activations . | . . . Martial Activations . | . . . Shielding Activations . | . . . Robots Disrupted . | . . . Combat Hostiles . | . . . Robots Corrupted 1 | . 1 . Combat Hostiles 1 | . 1 . Parts Fried 6 | . 5 1 Impact Corruptions . | . . . Robots Melted . | . . . Combat Hostiles . | . . . Parts Melted . | . . . Heat Transferred 225 | . 50 175 Parts Sabotaged . | . . . Parts Stolen . | . . . Parts Stripped . | . . . Power Chain Reactions 1 | . 1 . Alert | -11 -10 -10 ------- Run | Yrd Mat Sub Maximum Alert Level . | . . . Low Security (%) 100 | 100 100 . Level 1 . | . . . Level 2 . | . . . Level 3 . | . . . Level 4 . | . . . Level 5 . | . . . High Security . | . . . Max Security . | . . . Peak Influence 112 | 10 112 . Initial . | . . . Average 21 | . 23 . Influence Increases 424 | 15 319 90 Destroy 0b10 Robot/C 280 | . 200 80 Destroy 0b10 Robot/NC 40 | 15 25 . Destroy Leader 66 | . 56 10 Successful Hack 5 | . 5 . Destroy Structure 3 | . 3 . Lose Combat Pursuer 30 | . 30 . Influence Decreases 424 | 15 319 90 Time Decay 424 | 15 319 90 Squads Dispatched 2 | . 2 . Investigation 1 | . 1 . Extermination . | . . . Reinforcement 1 | . 1 . Assault . | . . . Garrison . | . . . Intercept . | . . . Searches Triggered . | . . . Construction Impeded . | . . . Haulers Reinforced . | . . . Active Scanning Responses . | . . . Cargo Convoy Interrupts . | . . . Stealth | -11 -10 -10 --------- Run | Yrd Mat Sub Distress Signals 1 | . 1 . Communications Jammed . | . . . Distress Signals . | . . . Times Spotted 35 | . 24 11 Peak Tracking Total 4 | . 4 2 Tactical Retreats 2 | . 2 . Traps | -11 -10 -10 ------- Run | Yrd Mat Sub Traps Triggered 1 | . 1 . Indirectly . | . . . Trap Hack Attempts . | . . . Triggered . | . . . Disarmed . | . . . Reprogrammed . | . . . Reused . | . . . Traps Extracted . | . . . Installed . | . . . Triggered . | . . . Machines | -11 -10 -10 ---------- Run | Yrd Mat Sub Machines Disabled . | . . . Max in Single Turn . | . . . Machines Repaired . | . . . Machines Dismantled . | . . . Machines Sabotaged . | . . . Overloaded Fab Kills . | . . . Hacking | -11 -10 -10 --------- Run | Yrd Mat Sub Machines Accessed 4 | . 4 . Terminals 3 | . 3 . Fabricators . | . . . Repair Stations 1 | . 1 . Recycling Units . | . . . Scanalyzers . | . . . Garrison Access . | . . . Total Hacks 10 | . 10 . Successful 3 | . 3 . Failed 6 | . 6 . Catastrophic 3 | . 3 . Database Lockouts 1 | . 1 . Manual 5 | . 5 . Terminals 8 | . 8 . Fabricators . | . . . Repair Stations 2 | . 2 . Recycling Units . | . . . Scanalyzers . | . . . Garrison Access . | . . . Terminal Hacks 1 | . 1 . Robot Analysis 1 | . 1 . Fabricator Hacks . | . . . Repair Station Hacks 1 | . 1 . Scan Component 1 | . 1 . Recycling Unit Hacks . | . . . Scanalyzer . | . . . Garrison Access Hacks . | . . . Unauthorized Hacks 1 | . 1 . Terminals 1 | . 1 . Botnet 1 | . 1 . Fabricators . | . . . Repair Stations . | . . . Recycling Units . | . . . Scanalyzers . | . . . Garrison Access . | . . . Data Cores Recovered . | . . . Used . | . . . Hacking Detections 4 | . 4 . Full Trace Events . | . . . Feedback Events . | . . . Feedback Blocked . | . . . Robot Schematics Acquired . | . . . Robots Built . | . . . Authchips . | . . . Time . | . . . Total Robot Build Rating . | . . . Part Schematics Acquired . | . . . Parts Built . | . . . Authchips . | . . . Time . | . . . Total Part Build Rating . | . . . Part Studies Acquired . | . . . Parts Repaired . | . . . Time . | . . . Parts Recycled . | . . . Recycled Matter . | . . . Retrieved Matter . | . . . Retrieved Components . | . . . Parts Scanalyzed . | . . . Part Schematics Acquired . | . . . Parts Damaged . | . . . Bothacking | -11 -10 -10 ------------ Run | Yrd Mat Sub Used RIF Installer . | . . . Robots Hacked . | . . . Non-combat . | . . . Combat . | . . . Robot Hacks Applied . | . . . Relay Couplers Released . | . . . Fabnet Peak Effective % . | . . . Robots Rewired . | . . . Allies Hacked . | . . . Hacks Repelled . | . . . Allies | -11 -10 -10 -------- Run | Yrd Mat Sub Total Allies . | . . . Largest Group . | . . . Highest-Rated Group . | . . . Highest-Rated Ally . | . . . Total Orders . | . . . Ally Attacks . | . . . Total Damage . | . . . Kills . | . . . Allies Corrupted . | . . . Allies Melted . | . . . Intel | -11 -10 -10 ------- Run | Yrd Mat Sub Active Infowar (turns) 3869 | 44 1340 2485 Seismic 3869 | 44 1340 2485 Robot Analysis Total 1 | . 1 . Derelict Logs Recovered . | . . . Drone Launches . | . . . Drone Recoveries . | . . . Exploration | -11 -10 -10 ------------- Run | Yrd Mat Sub Turns Passed 5538 | 141 1340 4057 Spaces Moved 1423 | 50 718 655 Core 185 | 17 . 168 Treads 1238 | 33 718 487 Legs . | . . . Wheels . | . . . Hover . | . . . Flight . | . . . Fastest Speed 50 | 50 160 160 Average Speed 351 | 148 160 576 Slowest Speed 1500 | 250 160 1500 Overloaded Moves . | . . . Propulsion Burnouts . | . . . Robots Hopped . | . . . Potential Cave-ins . | . . . Cave-ins Triggered . | . . . Exploration Rate (%) 46 | 6 97 37 Regions Visited 2 Branch Regions 1 Pre-discovered Areas . | . . . Known Exits Taken . | . . . Unknown Exits Taken 2 | 1 1 . Scrap Searched 5 | . . 5 Spaces Dug 2 | . . 2 Terrain Destroyed 12 | . 3 9 Melee . | . . . Projectile 2 | . . 2 AOE 10 | . 3 7 Terrain Rammed . | . . . Walls Destroyed . | . . . Machines Disabled . | . . . Actions | -11 -10 -10 --------- Run | Yrd Mat Sub Total 1737 | 92 821 824 Wait 122 | 4 40 78 Move 1421 | 49 717 655 Hop . | . . . Pick Up 21 | 2 8 11 Fast Attach 8 | 7 1 . Attach 5 | . . 5 Detach . | . . . Swap 30 | 4 6 20 Drop 5 | 1 4 . Fire 125 | 25 45 55 Melee . | . . . Ram . | . . . Kick . | . . . Crush . | . . . Escape Stasis . | . . . Rewire . | . . . Trap . | . . . Miscellaneous . | . . . Route ------- -11/Scrapyard -10/Materials (discovered 6 exits: [*Mat x3] / [*Min x2] / [*Sub]) -10/Subcaves (discovered 1 exit: [*Mat]) History --------- Turn | Location | Event 41 | -11/Scrapyard | Discovered new exit (range 13) 142 | -11/Scrapyard | Entered Materials 316 | -10/Materials | Build established: Mutant 511 | -10/Materials | Discovered new exit (range 8) 625 | -10/Materials | Discovered new exit (range 3) 626 | -10/Materials | Discovered new exit (range 7) 742 | -10/Materials | Discovered new exit (range 12) 981 | -10/Materials | Central database locked down 1022 | -10/Materials | Discovered new exit (range 16) 1178 | -10/Materials | Discovered new exit (range 8) 1482 | -10/Materials | Entered Subcaves 1483 | -10/Subcaves | Approached by a straggling Scientist 1617 | -10/Subcaves | A swath of the cavern ceiling suddenly collapsed 1777 | -10/Subcaves | Disturbed a concealed Subdweller 2795 | -10/Subcaves | Shifting Twisted Machinery released Battle Rifle 2828 | -10/Subcaves | Shifting Twisted Machinery released Sub. Shrapnel Launcher 3074 | -10/Subcaves | Lost 6 parts (2n2u2w) 3697 | -10/Subcaves | Core integrity fell below 50% 4422 | -10/Subcaves | Discovered new exit (range 12) 5534 | -10/Subcaves | Ambushed by Subdwellers from Twisted Machinery 5538 | -10/Subcaves | Core integrity fell below 20% 5539 | -10/Subcaves | Destroyed by KB-5M5(R) with Subdweller Shrapnel Launcher Last Messages --------------- 03714_ Subatomizers dissect the Aluminum Leg. 03714_ Destroyed Sml. Laser. 03720_ G-34 Mercenary destroyed. 03722_ Aluminum Leg fries itself beyond repair. 03729_ Heat Sink fries itself beyond repair. 03752_ Acquired 57 matter. 03825_ Acquired 11 matter. 03912_ Acquired Mak. Hacking Suite. 04378_ Acquired Battle Cannon. 04422_ EXIT=FOUND 04683_ Acquired Scrap Shield. 05324_ 2D-Q4B(z): "She is not going to be happy we haven't found any suitable candidates yet." 05499_ Acquired Mak. Kinetic Plating. 05534_ KB-5M5(R) emerges from the Twisted Machinery. 05537_ Assault Rifle destroyed. 05537_ Seismic Detector destroyed. 05539_ Sub. Laser destroyed. Map ----- +----------------------------------------------------+ | ?????????????????????????????????????#####???????? | | ????????????????????????????????????## ####????? | | ????????????????????????????????????# ##???? | | ????????????????????????????????????# #???? | | ???????????????????????????????????## #????? | | ??????????????????????????????????## #????? | | ????????????????????????????????### < #????? | | ??????????????????????#???????### ## #????? | | ?????????????????????? ???????# ## # ##????? | | ?????????????????????? ????########## # ##????? | | ??????????????????????# ??# ##????## #????? | | ??????????????????????# ??# #????## # ##???## | | ????????????????????### ???# ##???# # #?### | | ????????????????????? # ???# ##### ## #### | | ?????????????????????# ???# ## # # | | ????????????????????## ??## | | ???????????????????## ?## | | ??????????????????## ## ## # ## | | ?????????????????## ### ##### | | ????????????????## ###?# ##???# | | ????????????????# ;;## ##????# | | ???????????# ## ##?????#### | | ???????????## #;; ### ##?????????? | | ???????????# ?#; ### ##??????????? | | ???????????? """" # ## #???????????? | | ?????????????" " [ @ #??????????? | | ?????????????" " ##??????????? | | ?????????????# " #???????????? | | ?????????????#"""" ;;## #???????????? | | ??????????????" ### ##???????????? | | ????????????? #?## #????????????? | | ????????????#; ##??? #????????????? | | ????????????#; ;# #????? #????????????? | | ????????????? ;# ????? ???????????? | | ????????????? RR ? ?????? ???????????? | | ?????????????? ? ### ??????? ???????????? | | ??????????????; ?? ??? #???????????????????? | | ???????????????? ?? ??? #???????????????????? | | ?????????????????? ??? ##???????????????????? | | ????????????????????? ???? ##????????????????????? | | ??????????????????????????#??????????????????????? | | ?????????????????????????????????????????????????? | | ?????????????????????????????????????????????????? | | ?????????????????????????????????????????????????? | | ?????????????????????????????????????????????????? | | ?????????????????????????????????????????????????? | | ?????????????????????????????????????????????????? | | ?????????????????????????????????????????????????? | | ?????????????????????????????????????????????????? | | ?????????????????????????????????????????????????? | +----------------------------------------------------+ Best States ------------- Heat Dissipation 25 Energy Generation 10 Energy Capacity 250 Matter Stores 300 Matter Capacity 300 Sight Range 16 Terrain Scan Density 10 Armor Coverage 150 Evasion (%) 40 Recoil Reduction 2 Item Schematics ----------------- None Robot Schematics ------------------ None Fabricated ------------ Nothing Repaired ---------- Nothing Studied --------- None Alien Tech Used ----------------- None Achievements -------------- None Challenges ------------ None Game ------ Seed HeartCommGuard Manual? 0 Play Time 00:16:46 Cumulative 287.8 hours Start 2025.12.14 @ 17:41:31 End 2025.12.14 @ 18:03:20 Sessions 1 Manual Loads 0 Difficulty Rogue Special Mode None Game No. 208 Rogue 208 Adventurer 0 Explorer 0 Win Type - Total 13 Types 7/1/2/1/0/0/0/1/0/1 Lore% 72 Gallery% 76 Achievement% 70 Wizard Run 0 Options --------- Layout 2 ASCII 0 Keyboard 1 Movement Arrows Keybinds 0 Fullscreen 1 Font 32/Tamsyn Map View 50x44 Zoom Use 0% Tactical HUD 1 Map Filters NONE Filters NONE Steam 1 RUN: 62572545-e031-4b11-af6c-930ae8983a4e